 Dungeon Crawl Stone Soup version 0.29.1-12-g30fa7ad0bf (webtiles) character file.

Game seed: 1438207085803241263

357 zinnoa the Ruffian (level 6, -6/52 HPs)
             Began as a Ghoul Abyssal Knight on Jan 16, 2023.
             Was an Elder of Lugonu.
             Mangled by an ogre
             ... wielding a +0 giant spiked club
              (25 damage)
             ... on level 4 of the Dungeon.
             The game lasted 00:34:39 (4351 turns).

zinnoa the Ruffian (Ghoul Abyssal Knight)           Turns: 4351, Time: 00:34:40

Health: -6/52      AC:  9    Str: 18 (19) XL:     6   Next: 64%
Magic:  6/6        EV:  9    Int:  2 (5)  God:    Lugonu [****..]
Gold:   132        SH:  0    Dex:  6 (9)  Spells: 5/5 levels left

rFire   . . .      SeeInvis .     - Unarmed
rCold   + . .      Faith    .   (no shield)
rNeg    + + +      Spirit   .   u - +0 scale mail
rPois   ∞          Reflect  .   q - +0 helmet
rElec   .          Harm     .   t - +0 cloak
rCorr   .          Rampage  .   (no gloves)
Will    .....                   (no boots)
Stlth   ..........              c - amulet of magic regeneration
HPRegen 0.00/turn               (no ring)
MPRegen 0.50/turn               (no ring)

@: inhibited regen
A: claws 1, cold resistance 1, negative energy resistance 3, inhibited
regeneration, torment resistance 2, devour on kill
a: Renounce Religion, Depart the Abyss, Bend Space, Banish, Corrupt


You were on level 4 of the Dungeon.
You worshipped Lugonu.
Lugonu was greatly pleased with you.
You visited 1 branch of the dungeon, and saw 4 of its levels.
You visited the Abyss 1 time.

You collected 132 gold pieces.

Inventory:

Hand Weapons
 l - a +0 war axe
Missiles
 z - 2 silver boomerangs
Armour
 a - a +0 leather armour
 d - a +0 ring mail
 q - a +0 helmet (worn)
 s - a +1 ring mail of poison resistance
 t - a +0 cloak (worn)
 u - a +0 scale mail (worn)
Jewellery
 c - an amulet of magic regeneration (around neck)
 p - a +4 ring of evasion
Scrolls
 g - a scroll of brand weapon {unknown}
 i - a scroll of noise {unknown}
 m - 3 scrolls of identify {unknown}
 n - a scroll of fear {unknown}
 o - a scroll of butterflies {unknown}
 r - 2 scrolls of teleportation {unknown}
 y - a scroll of silence {unknown}
 C - 2 scrolls of poison {unknown}
 D - 2 scrolls of blinking {unknown}
Potions
 h - 2 potions of haste
 w - a potion of flight


   Skills:
 + Level 4.0 Fighting
 + Level 4.2 Armour
 + Level 1.9 Dodging
 + Level 0.4 Stealth
 + Level 4.6 Unarmed Combat
 + Level 2.2 Invocations


You had 5 spell levels left.
You didn't know any spells.
Your spell library was empty.

Dungeon Overview and Level Annotations

Branches:
Dungeon (4/15)
 Temple: D:4-7

Altars:
Vehumet


Innate Abilities, Weirdness & Mutations

You are immune to poison.
You have sharp fingernails.
Your flesh is cold resistant. (rC+)
You are immune to negative energy. (rN+++)
You do not regenerate when monsters are visible.
You are immune to unholy pain and torment.
You thrive by killing the living.


Message History

The hobgoblin closely misses you.
You closely miss the hobgoblin.
The hobgoblin is moderately wounded.
The hobgoblin misses you.
You closely miss the hobgoblin.
The hobgoblin is moderately wounded.
The hobgoblin barely misses you.
You claw the hobgoblin!
You kill the hobgoblin!
Lugonu accepts your kill.
You feel better.
The ogre hits you with a +0 giant spiked club!!
The kobold hits you but does no damage.
You see here a hobgoblin corpse.
You scratch the kobold. You claw the kobold, but do no damage.
The kobold is moderately wounded.
The kobold hits you but does no damage.
You scratch the kobold but do no damage.
The kobold is moderately wounded.
The kobold closely misses you.
You scratch the kobold but do no damage.
The kobold is moderately wounded.
The kobold barely misses you.
You closely miss the kobold.
The kobold is moderately wounded.
The kobold hits you with a +0 short sword.
You barely miss the kobold.
The kobold is moderately wounded.
The kobold hits you but does no damage.
You scratch the kobold.
You kill the kobold!
Lugonu accepts your kill.
You feel better.
You scratch the ogre.
The ogre is lightly wounded.
The ogre hits you with a +0 giant spiked club!
You scratch the ogre but do no damage. You claw the ogre.
The ogre is lightly wounded.
The ogre hits you with a +0 giant spiked club!!
You die...

....# ##...~≈≈~
.....#####..~≈≈~
###.......)..~~≈≈~ .
.....<#...#..~≈≈~~
..#
.....##..<#..~≈≈~#
#..
#....###..#..~≈≈~#
#...###...#
#.....~≈≈~#
#...#...#
#...#.~≈≈~~
#.O@.####.####.~~≈≈~
###........ #..~≈≈~
#..#..###.##...~≈≈~
## ##.###.#
...##~~≈≈ ... #.##
.## .. ##~≈≈
#..####.# #.# .##
#~~≈ #.......#
#.###.. ###.~≈
.#..##..######....#
....~~
...........##.....#
#....


You could see an ogre.

Vanquished Creatures
  An ogre (D:2)
  2 orc priests
  An iguana (D:4)
  2 orc wizards
  5 adders
  5 dart slugs
  6 orcs
  7 bats
  8 endoplasms
  3 giant cockroaches
  7 goblins
  6 hobgoblins
  10 kobolds
  3 quokkas
  9 ball pythons
  5 frilled lizards
  7 rats
87 creatures vanquished.

Vanquished Creatures (others)
  A frilled lizard (D:1)
1 creature vanquished.

Grand Total: 88 creatures vanquished

Notes
Turn   | Place    | Note
-------+----------+-------------------------------------------
     0 | Abyss:1  | zinnoa the Ghoul Abyssal Knight began the quest for the
                  | Orb.
     0 | Abyss:1  | Reached XP level 1. HP: 19/19 MP: 1/1
     1 | D:1      | Escaped the Abyss
   199 | D:1      | Reached XP level 2. HP: 25/26 MP: 2/2
   496 | D:1      | Found a faded altar of an unknown god.
   524 | D:1      | Reached XP level 3. HP: 33/33 MP: 3/3
   546 | D:1      | Reached skill level 1 in Dodging
   607 | D:1      | Reached *** piety under Lugonu
  1362 | D:2      | Reached XP level 4. HP: 37/40 MP: 4/4
  1947 | D:2      | Noticed an ogre
  1957 | D:2      | Killed an ogre
  1958 | D:2      | Reached XP level 5. HP: 46/46 MP: 5/5
  2886 | D:3      | Found a radiant altar of Vehumet.
  3204 | D:4      | Reached **** piety under Lugonu
  3205 | D:4      | Reached XP level 6. HP: 35/52 MP: 6/6
  3235 | D:3      | HP: 2/52 [orc/+0 whip (3)]
  4351 | D:4      | Mangled by an ogre

Illustrated notes

Levels and vault maps discovered:
D:1:      matt_arrival_refuge, layout_basic, hellmonk_ecumenical_altar_lost_god,
          hangedman_feature_mirror, minmay_misc_feat_five,
          palyth_stone_intersect
D:2:      layout_loops_ring
D:3:      layout_loops_corners, lemuel_coloured_pillars_altar, nrook_uturn
D:4:      wander_river, layout_layer_cave

Skill      XL: |  1  2  3  4  5  6 |
---------------+-------------------+-----
Armour         | 2 3 4 |  4.2
Dodging        | 1 |  1.9
Unarmed Combat | 3 4 |  4.6
Fighting       | 4 |  4.0
Stealth        | |  0.4
Invocations    | |  2.2

Action                   |  1- 3 |  4- 6 || total
-------------------------+-------+-------++-------
Melee: Unarmed           |   111 |   163 ||   274
       Punch             |     3 |     5 ||     8
Invok: Bend Space        |     1 |       ||     1
  Use: Potion            |       |    12 ||    12
Armor: Leather armour    |    15 |       ||    15
       Ring mail         |    30 |    21 ||    51
       Scale mail        |       |    66 ||    66
Dodge: Dodged            |    73 |    93 ||   166
